 Dungeon Crawl Stone Soup version 0.30.0-5-g1a98f26d00 (webtiles) character file.

Game seed: 190155694125293165

14 monsoonserge the Ducker (level 2, -1/18 HPs)
             Began as a Deep Elf Monk on May 11, 2023.
             Succumbed to an adder's poison
             ... on level 2 of the Dungeon.
             The game lasted 00:02:01 (776 turns).

monsoonserge the Ducker (Deep Elf Monk)              Turns: 776, Time: 00:02:02

Health: -1/18      AC:  7    Str:  8    XL:     2   Next: 31%
Magic:  4/4        EV: 13    Int: 14    God:
Gold:   134        SH:  0    Dex: 17    Spells: 1/1 levels left

rFire   . . .        a - +0 short sword
rCold   . . .        d - orb {light}
rNeg    . . .        e - +0 leather armour
rPois   .            (no helmet)
rElec   .            (no cloak)
rCorr   .            (no gloves)
SInv    .            (no boots)
Will    .....        (no amulet)
Stlth   +            k - +4 ring of protection
HPRegen 0.23/turn    (no ring)
MPRegen 0.09/turn

%: no passive effects
@: mighty, lethally poisoned (-1 -> -7), hasted, glowing, very quick
A: no striking features
a: no special abilities


You were on level 2 of the Dungeon.
You visited 1 branch of the dungeon, and saw 2 of its levels.

You collected 134 gold pieces.

Inventory:

Hand Weapons
 a - a +0 short sword (weapon)
Armour
 b - a +0 robe
 d - an orb of light (worn)
 e - a +0 leather armour (worn)
Jewellery
 k - a +4 ring of protection (left hand)
Scrolls
 h - a scroll of enchant weapon {unknown}
 i - 2 scrolls of identify {unknown}
 l - a scroll of teleportation {unknown}
Potions
 c - a potion of ambrosia
 j - a potion of resistance {unknown}


   Skills:
 + Level 2.6 Fighting
 + Level 3.2 Short Blades
 * Level 0.5 Armour
 + Level 3.9 Dodging


You had one spell level left.
You didn't know any spells.
Your spell library contained the following spells:

 Spells                   Type           Power      Damage    Failure   Level
 Ozocubu's Armour         Ice            0%         N/A       77%         3
 Metabolic Englaciation   Hex/Ice        0%         N/A       100%        5
 Simulacrum               Ice/Necr       0%         N/A       100%        6


Dungeon Overview and Level Annotations

Branches:
Dungeon (2/15)

Altars:


Message History

a +0 dagger; 4 stones You barely miss the adder.
The adder bites you.
You completely miss the adder. The adder bites you but does no damage.
You closely miss the adder. The adder bites you. The endoplasm freezes you.
You are frozen.
The adder bites you but does no damage.
You closely miss the adder. The adder closely misses you.
The endoplasm freezes you.
You are frozen.
You hit the adder but do no damage. The adder bites you but does no damage.
You closely miss the adder. The endoplasm freezes you.
You are frozen.
The adder bites you but does no damage.
You hit the adder but do no damage.
The endoplasm hits you but does no damage.
The adder bites you.
You hit the adder but do no damage. The adder closely misses you.
The endoplasm freezes you.
You are frozen.
* * * LOW HITPOINT WARNING * * *
Okay, then.
You closely miss the adder. The adder barely misses you.
The endoplasm misses you.
You hit the adder.
The adder is lightly wounded.
The adder bites you.
* * * LOW HITPOINT WARNING * * *
The endoplasm closely misses you.
It was a potion of might.
You feel very mighty all of a sudden. The adder misses you.
The adder barely misses you.
The endoplasm hits you but does no damage.
You puncture the adder!
The adder is severely wounded.
The adder bites you.
* * * LOW HITPOINT WARNING * * *
You are lethally poisoned!
The adder poisons you! The endoplasm misses you.
It was a potion of haste.
You feel yourself speed up.
You die...

#. ##. #.##.. .
....# ## ..
..... ...
...###..######.#
#..>.......#..#
#.....SJ.....#
#.....@....#
#..........#
?.........†<#
##..........#
#..........#
#...>......#
#..####..... #..
#...... ##......


You could see an adder and an endoplasm.

Vanquished Creatures
  3 endoplasms (D:1)
  A goblin (D:1)
  4 bats (D:1)
  4 frilled lizards
  2 kobolds
  2 rats (D:1)
16 creatures vanquished.

Notes
Turn   | Place    | Note
-------+----------+-------------------------------------------
     0 | D:1      | monsoonserge the Deep Elf Monk began the quest for the Orb.
     0 | D:1      | Reached XP level 1. HP: 13/13 MP: 3/3
   284 | D:1      | Reached XP level 2. HP: 16/18 MP: 4/4
   776 | D:2      | Succumbed to an adder's poison

Illustrated notes

Levels and vault maps discovered:
D:1:      giann_horns, layout_basic
D:2:      layout_rooms, serial_shops, nicolae_shop_rolling_square,
          kennysheep_generic_room_6

Action                     || total
---------------------------++-------
  Melee: Short sword       ||    44
    Use: Potion            ||     2
 Armour: Leather armour    ||    12
  Dodge: Dodged            ||    27
